 Dungeon Crawl Stone Soup version 0.21.1-1-g345015fe64 (webtiles) character file.

249 Lentor the Slasher (level 5, 0/48 HPs)
             Began as a Minotaur Berserker on June 11, 2018.
             Was a Priest of Trog.
             Slain by a gnoll
             ... wielding a +0 spear
              (4 damage)
             ... on level 3 of the Dungeon.
             The game lasted 00:04:19 (2446 turns).

Lentor the Slasher (Minotaur Berserker)             Turns: 2446, Time: 00:04:19

Health: 0/48       AC:  7    Str: 22    XL:     5   Next: 86%
Magic:  4/4        EV: 12    Int:  4    God:    Trog [***...]
Gold:   192        SH:  0    Dex: 10    Spells: 4/4 levels left

rFire    . . .     SeeInvis .   a - +0 falchion
rCold    . . .     Gourm    .   (no shield)
rNeg     . . .     Faith    .   e - +0 ring mail
rPois    .         Spirit   .   (helmet restricted)
rElec    .         Reflect  .   (no cloak)
rCorr    .         Harm     .   (no gloves)
MR       .....                  j - +0 pair of boots
Stlth    +.........             (no amulet)
HPRegen  0.16/turn              (no ring)
MPRegen  0.09/turn              (no ring)

@: berserk cooldown, slowed, very slow
A: retaliatory headbutt, horns 2
a: Berserk, Trog's Hand, Burn Spellbooks, Renounce Religion


You were on level 3 of the Dungeon.
You worshipped Trog.
Trog was most pleased with you.
You were near starving.

You visited 1 branch of the dungeon, and saw 3 of its levels.

You collected 192 gold pieces.

Inventory:

Hand Weapons
 a - a +0 falchion (weapon)
Armour
 e - a +0 ring mail (worn)
 j - a +0 pair of boots (worn)
Scrolls
 d - 2 scrolls of magic mapping {unknown}
 f - 5 scrolls of remove curse {unknown}
 g - 8 scrolls of identify {unknown}
 i - a scroll of amnesia {unknown}
 m - a scroll of teleportation {unknown}
Potions
 h - a potion of flight {unknown}
 k - 2 potions of curing {unknown}
 l - a potion of haste {unknown}
 n - 2 potions of lignification {unknown}
 o - 2 potions of might {unknown}
 p - a potion of magic {unknown}
 q - a potion of mutation {unknown}
Comestibles
 c - 3 rations


   Skills:
 + Level 5.1 Fighting
 + Level 5.4 Long Blades
 + Level 4.3 Armour
 + Level 3.1 Dodging
 + Level 0.6 Stealth


You had 4 spell levels left.
You didn't know any spells.

Dungeon Overview and Level Annotations

Branches:
Dungeon (3/15)

Altars:
Ashenzari


Innate Abilities, Weirdness & Mutations

You reflexively headbutt those who attack you in melee.
You have a pair of horns on your head.


Message History

The gnoll hits you from afar with a spear.
You hit the goblin.
The goblin is moderately wounded.
The gnoll hits you but does no damage. The goblin hits you with a club.
* * * LOW HITPOINT WARNING * * *
The hobgoblin hits you with a club.
* * * LOW HITPOINT WARNING * * *
The gnoll barely misses you.
You closely miss the goblin.
The goblin is moderately wounded.
The gnoll hits you but does no damage. The gnoll misses you.
The goblin closely misses you. You furiously retaliate!
You headbutt the goblin.
You riposte.
You slash the goblin!
You kill the goblin!
Trog accepts your kill. The hobgoblin hits you with a club.
* * * LOW HITPOINT WARNING * * *
The gnoll barely misses you.
The gnoll hits you from afar with a spear.
You die...

######### ###### ........# #....#
))).....+ #....#
)).(..gg#########....#####
#####..(§§§§§§K#).....#...
#...§§§§§ggg@.†...'...
#####.g..§§§§§g#).....#..
........#########...(## ........+
#..).# ........# #....#
##################''#############
≈≈≈≈≈≈≈≈≈≈≈≈≈≈≈≈.....≈≈≈≈≈≈≈≈≈≈≈≈
≈≈≈≈≈≈≈≈≈≈≈≈≈≈≈≈≈....≈≈≈≈≈≈≈≈≈≈≈≈
≈≈≈≈≈≈≈≈≈≈≈≈≈≈≈≈≈....≈≈≈≈≈≈≈≈≈≈≈≈


You could see 2 gnolls, 2 hobgoblins and a kobold.

Vanquished Creatures
  Jessica (D:3)
  Natasha (twice) (D:2)
  8 gnolls (D:3)
  An ooze (D:1)
  3 worms
  3 dart slugs
  A leopard gecko (D:3)
  An orc (D:3)
  6 bats
  3 giant cockroaches
  15 goblins
  8 hobgoblins
  2 jackals (D:2)
  3 quokkas
  4 ball pythons
  2 frilled lizards
  5 kobolds
  10 rats
78 creatures vanquished.

Notes
Turn   | Place    | Note
-------+----------+-------------------------------------------
     0 | D:1      | Lentor the Minotaur Berserker began the quest for the Orb.
     0 | D:1      | Reached XP level 1. HP: 19/19 MP: 0/0
   185 | D:1      | Reached XP level 2. HP: 27/27 MP: 1/1
   749 | D:2      | Noticed Natasha
   757 | D:2      | Noticed a crimson imp
   757 | D:2      | Killed Natasha
   757 | D:2      | Reached XP level 3. HP: 22/34 MP: 2/2
  1134 | D:2      | Reached ** piety under Trog
  1273 | D:2      | Noticed Natasha
  1278 | D:2      | Killed Natasha
  1278 | D:2      | Reached XP level 4. HP: 33/41 MP: 3/3
  1761 | D:3      | Found a shattered altar of Ashenzari.
  1792 | D:3      | Noticed Jessica
  1806 | D:3      | Killed Jessica
  1806 | D:3      | Reached XP level 5. HP: 47/47 MP: 4/4
  2342 | D:3      | Reached skill level 5 in Long Blades
  2345 | D:3      | Reached skill level 5 in Fighting
  2409 | D:3      | Reached *** piety under Trog
  2446 | D:3      | Slain by a gnoll

Skill      XL: |  1  2  3  4  5 |
---------------+----------------+-----
Fighting       | 4 5 |  5.1
Long Blades    | 4 5 |  5.4
Armour         | 3 4 |  4.3
Dodging        | 3 |  3.1
Stealth        | |  0.6

Action                   |  1- 3 |  4- 6 || total
-------------------------+-------+-------++-------
Melee: Falchion          |    78 |    89 ||   167
       Headbutt          |    12 |    14 ||    26
Invok: Berserk           |       |     3 ||     3
  Use: Scroll            |       |     1 ||     1
  Eat: Chunk             |     1 |     5 ||     6
Armor: Ring mail         |    30 |    33 ||    63
Dodge: Dodged            |    45 |    87 ||   132
       Rpst.: Falchion   |     6 |    21 ||    27
